 Dungeon Crawl Stone Soup version 0.23.2-33-g5129a83184 (webtiles) character file.

Game seed: 15471567918322163596

2153 Derp the Carver (level 9, -1/75 HPs)
             Began as a Hill Orc Fighter on July 12, 2019.
             Slain by a warg (9 damage)
             ... on level 8 of the Dungeon.
             The game lasted 00:20:10 (5989 turns).

Derp the Carver (Hill Orc Fighter)                  Turns: 5989, Time: 00:20:10

Health: -1/75      AC: 13    Str: 20    XL:     9   Next: 31%
Magic:  0/9        EV:  5    Int:  8    God:
Gold:   378        SH: 11    Dex: 12    Spells: 8/8 levels left

rFire    . . .     SeeInvis .   a - +0 long sword
rCold    . . .     Gourm    .   c - +0 shield
rNeg     . . .     Faith    .   h - +0 plate armour
rPois    .         Spirit   +   (no helmet)
rElec    .         Reflect  .   (no cloak)
rCorr    +         Harm     .   (no gloves)
MR       .....                  (no boots)
Stlth    ..........             p - amulet of guardian spirit
HPRegen  0.22/turn              s - ring of resist corrosion
MPRegen  0.11/turn              (no ring)

@: about to teleport
A: no striking features
a: no special abilities


You were on level 8 of the Dungeon.
You were not hungry.

You visited 1 branch of the dungeon, and saw 8 of its levels.

You collected 378 gold pieces.

Inventory:

Hand Weapons
 a - a +0 long sword (weapon)
 k - a +4 quarterstaff of chaos
 A - a +0 long sword
Armour
 c - a +0 shield (worn)
 h - a +0 plate armour (worn)
Jewellery
 p - an amulet of guardian spirit (around neck)
 s - a ring of resist corrosion (left hand)
 u - a cursed amulet of the acrobat
 y - an uncursed ring of flight
 B - an uncursed ring of ice
 C - an uncursed amulet of faith
Wands
 q - a wand of disintegration (8)
Scrolls
 b - a scroll of fog
 e - a scroll of fear
 j - a scroll of teleportation
 l - a scroll of enchant weapon {unknown}
 m - 8 scrolls of remove curse
 n - a scroll of noise {unknown}
 o - a scroll of blinking {unknown}
 r - a scroll of amnesia {unknown}
Potions
 d - a potion of might
 g - 7 potions of haste {unknown}
 i - a potion of agility {unknown}
 t - a potion of flight {unknown}
 v - 2 potions of magic {unknown}
 w - a potion of brilliance {unknown}
 x - a potion of curing {unknown}
 D - a potion of mutation {unknown}
 E - a potion of cancellation {unknown}
Comestibles
 z - 3 rations


   Skills:
 + Level 6.3 Fighting
 + Level 8.4 Long Blades
 + Level 6.7 Armour
 + Level 1.1 Dodging
 + Level 0.1 Stealth
 + Level 7.5 Shields


You had 8 spell levels left.
You didn't know any spells.
Your spell library contained the following spells:

 Spells                   Type           Power        Failure   Level  Hunger
 Confusing Touch          Hex            #.....       100%        1    ##.....
 Confuse                  Hex            #.......     100%        3    ####...
 Gell's Gravitas          Tloc           #.........   100%        3    ####...
 Petrify                  Tmut/Erth      #.......     100%        4    #####..
 Metabolic Englaciation   Hex/Ice        #.........   100%        5    ######.
 Yara's Violent Unravell  Hex/Tmut       #.........   100%        5    ######.


Dungeon Overview and Level Annotations

Branches:
Dungeon (8/15)             Temple (0/1) D:5            Lair (0/6) D:8

Altars:
Ashenzari
Elyvilon
Fedhas
Wu Jian
Xom
Zin

Annotations:
D:8 1 transporter


Message History

You slash the warg!
The warg is almost dead.
The warg bites you!
* * * LOW HITPOINT WARNING * * *
Your plate armour prevents you from hitting the warg.
The warg is almost dead.
You block the warg's attack.
You slash the warg!
You kill the warg!
As you read the scroll of teleportation, it crumbles to dust.
You feel strangely unstable.
The adder zombie bites you but does no damage.
As you read the scroll of fog, it crumbles to dust.
The scroll dissolves into smoke.
The adder zombie bites you but does no damage.
The warg barely misses you.
You slash the warg!
The warg is heavily wounded.
You block the adder zombie's attack. The warg bites you!
You die...

.#.!
.....#..#..
......
...©#©/+..
......
....#..#..
#.8.8.
...#8P#≈≈
....
...######
..###§§§..$..
#.##h§§..#
####hhZ@#
#...<####
#.#.## #...
..... #....h.
......o
.....h>
...P..o


You could see a warg, an adder zombie and a jackal.

Vanquished Creatures
  A hungry ghost (D:4)
  A warg (D:8)
  A sky beast (D:6)
  2 phantoms
  An ice beast (D:7)
  3 ogres
  4 bullfrogs
  A scorpion (D:7)
  A water moccasin zombie (D:6)
  A howler monkey (D:6)
  A crimson imp (D:6)
  6 hounds
  2 jellies
  An orc priest (D:4)
  Crazy Yiuf (D:6)
  A centaur skeleton (D:5)
  A gnoll shaman (D:4)
  A bullfrog skeleton (D:7)
  3 iguanas
  3 orc wizards
  A howler monkey skeleton (D:5)
  9 adders
  4 gnolls (D:4)
  3 shadow imps (D:5)
  2 oozes
  An adder skeleton (D:5)
  2 worms (D:2)
  3 dart slugs
  5 leopard geckos
  21 orcs
  2 bats
  7 giant cockroaches
  12 goblins
  20 hobgoblins
  9 jackals
  11 kobolds
  A quokka (D:3)
  A ball python (D:6)
  6 frilled lizards
  2 rats (D:1)
158 creatures vanquished.

Notes
Turn   | Place    | Note
-------+----------+-------------------------------------------
     0 | D:1      | Derp the Hill Orc Fighter began the quest for the Orb.
     0 | D:1      | Reached XP level 1. HP: 19/19 MP: 1/1
    58 | D:1      | Reached XP level 2. HP: 22/27 MP: 2/2
   157 | D:1      | Reached XP level 3. HP: 31/33 MP: 3/3
   591 | D:2      | Reached skill level 3 in Long Blades
   817 | D:2      | Reached XP level 4. HP: 37/40 MP: 4/4
  1375 | D:3      | Reached XP level 5. HP: 38/46 MP: 2/5
  1950 | D:3      | Found a faded altar of an unknown god.
  2185 | D:4      | Reached skill level 4 in Long Blades
  2353 | D:4      | Reached XP level 6. HP: 33/53 MP: 2/6
  2463 | D:4      | Noticed a hungry ghost
  2512 | D:4      | Reached skill level 5 in Shields
  2534 | D:4      | Killed a hungry ghost
  2534 | D:4      | Reached skill level 5 in Long Blades
  2534 | D:4      | Reached XP level 7. HP: 18/60 MP: 5/7
  3057 | D:5      | Entered Level 5 of the Dungeon
  3144 | D:5      | Reached skill level 5 in Armour
  3265 | D:5      | Found a staircase to the Ecumenical Temple.
  3628 | D:5      | Reached skill level 5 in Fighting
  3628 | D:5      | Reached skill level 6 in Long Blades
  3628 | D:5      | Reached XP level 8. HP: 18/68 MP: 1/8
  4344 | D:6      | Reached skill level 7 in Long Blades
  4427 | D:6      | Reached skill level 1 in Dodging
  4743 | D:6      | Found a runed translucent door.
  4842 | D:6      | Noticed Crazy Yiuf
  4950 | D:6      | Killed Crazy Yiuf
  5063 | D:7      | Found a glowing silver altar of Zin.
  5063 | D:7      | Found an ornate altar of the Wu Jian Council.
  5063 | D:7      | Found a blossoming altar of Fedhas.
  5063 | D:7      | Found a shimmering altar of Xom.
  5075 | D:7      | Found a white marble altar of Elyvilon.
  5488 | D:7      | Found a shattered altar of Ashenzari.
  5596 | D:7      | Reached XP level 9. HP: 45/75 MP: 5/9
  5628 | D:7      | Reached skill level 8 in Long Blades
  5941 | D:8      | Found a staircase to the Lair.
  5943 | D:8      | Found a transporter.
  5989 | D:8      | Slain by a warg

Skill      XL: |  1  2  3  4  5  6  7  8  9 |
---------------+----------------------------+-----
Fighting       | 4 5 6 |  6.3
Long Blades    | 3 4 5 6 7 8 |  8.4
Shields        | 4 5 6 7 |  7.5
Armour         | 4 5 6 |  6.7
Dodging        | 1 |  1.1
Stealth        | |  0.1

Action                   |  1- 3 |  4- 6 |  7- 9 || total
-------------------------+-------+-------+-------++-------
Melee: Long sword        |   116 |   305 |   487 ||   908
  Use: Scroll            |       |     3 |    11 ||    14
  Eat: Chunk             |       |     3 |     5 ||     8
       Ration            |       |     1 |     3 ||     4
Armor: Scale mail        |     8 |       |       ||     8
       Plate armour      |    59 |   206 |   237 ||   502
Dodge: Dodged            |    19 |    45 |    67 ||   131
Block: Shield            |    78 |   153 |   257 ||   488
       Rpst.: Long sword |     5 |    15 |    21 ||    41
